 Dungeon Crawl Stone Soup version 0.28-a0-175-gb2089b6bb7 (webtiles) character file.

Game seed: 17662498049815729783

247 Arne the Grave Robber (level 5, -11/37 HPs)
             Began as a Vampire Necromancer on Aug 17, 2021.
             Killed by divine providence
             ... invoked by an orc priest
              (15 damage)
             ... on level 3 of the Dungeon.
             The game lasted 00:23:04 (2581 turns).

Arne the Grave Robber (Vampire Necromancer)         Turns: 2581, Time: 00:23:05

Health: -11/37     AC:  2    Str:  7    XL:     5   Next: 85%
Magic:  3/10       EV: 13    Int: 19    God:
Gold:   116        SH:  0    Dex: 14    Spells: 10/11 levels left

rFire   . . .      SeeInvis +   f - staff of air
rCold   . . .      Faith    .   (no shield)
rNeg    . . .      Spirit   .   a - +0 robe
rPois   .          Reflect  .   (no helmet)
rElec   +          Harm     .   (no cloak)
rCorr   .          Rampage  .   (no gloves)
Will    .....                   (no boots)
Stlth   ++........              (no amulet)
HPRegen 0.32/turn               (no ring)
MPRegen 0.12/turn               (no ring)

@: healing quickly
A: alive, fangs 3, see invisible, vampiric 2
a: Exsanguinate


You were on level 3 of the Dungeon.
You visited 1 branch of the dungeon, and saw 3 of its levels.

You collected 116 gold pieces.

Inventory:

Hand Weapons
 b - a +0 club
 c - a +0 dagger
 p - a +0 short sword
Armour
 a - a +0 robe (worn)
Magical Staves
 f - a staff of air (weapon)
Jewellery
 o - an amulet of regeneration
Scrolls
 d - a scroll of silence {unknown}
 g - 2 scrolls of identify {unknown}
 h - a scroll of fear {unknown}
 i - 2 scrolls of blinking {unknown}
 j - a scroll of summoning {unknown}
 n - 2 scrolls of amnesia {unknown}
Potions
 e - a potion of attraction {unknown}
 k - 2 potions of curing {unknown}
 l - a potion of might {unknown}
 m - a potion of flight {unknown}


   Skills:
 + Level 1.2 Fighting
 * Level 1.6 Short Blades
 + Level 0.3 Staves
 * Level 3.0 Dodging
 * Level 3.6 Stealth
 + Level 3.6 Spellcasting
 + Level 5.3 Necromancy
 * Level 1.0 Air Magic


You had 10 spell levels left.
You knew the following spells:

 Your Spells              Type           Power      Damage    Failure   Level
a - Pain                  Necr           92%        1d8       1%          1

Your spell library contained the following spells:

 Spells                   Type           Power      Damage    Failure   Level
 Animate Skeleton         Necr           46%        N/A       1%          1
 Vampiric Draining        Necr           11%        2d7       4%          3
 Animate Dead             Necr           11%        N/A       16%         4
 Agony                    Necr           23%        N/A       41%         5


Dungeon Overview and Level Annotations

Branches:
Dungeon (3/15)

Altars:
Gozag
Xom


Innate Abilities, Weirdness & Mutations

Your natural rate of healing is accelerated.
You have razor-sharp teeth.
You have supernaturally acute eyesight. (SInv)
You are afflicted with vampirism and can become a bat while bloodless.


Message History

Aiming: Pain (safe; 1% risk of failure)
Press: ? - help, Shift-Dir - straight line, f/p - orc wizard
Aim: an orc wizard, wielding a +0 dagger and wearing a +0 robe (moderately wounded, chance to affect: 83%)
The orc wizard writhes in agony!
The orc wizard points at you and mumbles some strange words.
The puff of flame hits you!
Unknown command.
Casting: Pain (safe; 1% risk of failure)
Confirm with . or Enter, or press ? or * to list all spells.
Aiming: Pain (safe; 1% risk of failure)
Press: ? - help, Shift-Dir - straight line, f/p - orc wizard
Aim: an orc wizard, wielding a +0 dagger and wearing a +0 robe (almost dead, chance to affect: 83%)
The orc wizard writhes in agony.
You kill the orc wizard!
Your Air Magic skill increases to level 1!
You open the door.
A bat comes into view.
The bat barely misses you.
There is an open door here.
The bat misses you.
The orc priest mumbles some strange prayers to Beogh against you.
Beogh smites you!
* * * LOW HITPOINT WARNING * * *
You close the door.
The bat barely misses you. The bat hits you but does no damage.
Found a lumpy amethyst potion.
The bat hits you but does no damage.
You hit the bat.
The bat is heavily wounded.
The bat closely misses you.
Casting: Pain (safe; 1% risk of failure)
Confirm with . or Enter, or press ? or * to list all spells.
Aiming: Pain (safe; 1% risk of failure)
Press: ? - help, Shift-Dir - straight line, f - bat
Aim: a bat (heavily wounded, chance to affect: 92%)
The bat writhes in agony.
You kill the bat!
The orc priest calls down the wrath of Beogh upon you.
Beogh smites you!
You die...

#.# ##.## ##..... ##.# #.#
#...... ##>#.# #.# #......
#.###.# ##+## #......
###..#.## ##..!## ##.....
#.....# ##.....## ##...#
#.#...## ##.......## ##.##
#.#....####.........####...#
#.#.......+@...†....+.......
#.#.[..####.........####...#
#.....## ##...oo..........#
###.### ##......######..#
#.# ##...#.# #... #.# ##+##
# #.#' #.# #.# .# ...#.
###.###########.##.###.####.
#...........##.)o....# #.


You could see an orc priest and an orc.

Vanquished Creatures
  A dream sheep (D:3)
  An orc wizard (D:3)
  4 adders
  An adder skeleton (D:3)
  3 dart slugs
  2 orcs (D:3)
  4 endoplasms
  6 goblins
  4 hobgoblins
  4 jackals (D:3)
  3 kobolds
  2 quokkas (D:1)
  5 ball pythons
  7 bats
  4 frilled lizards
  3 rats (D:1)
54 creatures vanquished.

Vanquished Creatures (others)
  4 dream sheep (D:3)
4 creatures vanquished.

Grand Total: 58 creatures vanquished

Notes
Turn   | Place    | Note
-------+----------+-------------------------------------------
     0 | D:1      | Arne the Vampire Necromancer began the quest for the Orb.
     0 | D:1      | Reached XP level 1. HP: 13/13 MP: 3/3
   126 | D:1      | Reached XP level 2. HP: 3/20 MP: 1/5
   127 | D:1      | HP: 1/20 [hobgoblin (1)]
   944 | D:2      | Gained mutation: You are afflicted with vampirism and can
                  | become a bat while bloodless. [Vampire growth]
   944 | D:2      | Reached XP level 3. HP: 25/25 MP: 6/6
  1964 | D:3      | Reached skill level 5 in Necromancy
  1965 | D:3      | Found an opulent altar of Gozag.
  2071 | D:3      | Reached skill level 1 in Short Blades
  2071 | D:3      | Reached XP level 4. HP: 29/31 MP: 5/8
  2077 | D:3      | Noticed a dream sheep
  2077 | D:3      | Noticed a dream sheep
  2077 | D:3      | Noticed a dream sheep
  2077 | D:3      | Noticed a dream sheep
  2077 | D:3      | Noticed a dream sheep
  2077 | D:3      | Found a shimmering altar of Xom.
  2078 | D:3      | Killed a dream sheep
  2079 | D:3      | Reached skill level 1 in Fighting
  2080 | D:3      | Killed a dream sheep
  2081 | D:3      | Reached XP level 5. HP: 35/37 MP: 3/10
  2081 | D:3      | Killed a dream sheep
  2082 | D:3      | Killed a dream sheep
  2086 | D:3      | Killed a dream sheep
  2570 | D:3      | Reached skill level 1 in Air Magic
  2581 | D:3      | Killed from afar by an orc priest

Illustrated notes

Levels and vault maps discovered:
D:1:      dpeg_arrival_subterranean_lakeside_camping, layout_loops_ring
D:2:      layout_basic, patterned_corridor
D:3:      layout_loops_corners, kb_xom_exploding_sheep,
          mainiacjoe_overflow_six_doors_small

Skill      XL: |  1  2  3  4  5 |
---------------+----------------+-----
Necromancy     | 5 |  5.3
Short Blades   | 1 |  1.6
Fighting       | 1 |  1.2
Spellcasting   | 3 |  3.6
Dodging        | 3 |  3.0
Air Magic      | 1 |  1.0
Staves         | |  0.3
Stealth        | |  3.6

Action                   |  1- 3 |  4- 6 || total
-------------------------+-------+-------++-------
Melee: Unarmed           |    22 |       ||    22
       Dagger            |    29 |       ||    29
       Bite              |    11 |     4 ||    15
       Club              |     2 |       ||     2
       Staff             |    26 |    54 ||    80
 Cast: Pain              |    43 |    23 ||    66
 Stab: Sleeping          |     3 |     1 ||     4
Armor: Robe              |    17 |    12 ||    29
Dodge: Dodged            |    45 |    51 ||    96

Table legend: (Time is in decaauts)
 A = Elapsed time spent in this place.
 B = Non-inter-level travel time spent in this place.
 C = Inter-level travel time spent in this place.
 D = Time resting spent in this place.
 E = Time spent auto-exploring this place.
 F = Levels seen in this place.
 G = Mean time per level.
                   A        B        C        D        E       F      G
               +--------+--------+--------+--------+--------+-----+--------+
         Total |   2597 |   2597 |      0 |    147 |     48 |   3 |  865.7 |
       Dungeon |   2597 |   2597 |      0 |    147 |     48 |   3 |  865.7 |
               +--------+--------+--------+--------+--------+-----+--------+

Top non-repeatable levels by time:
     D:1: 960 daAuts
     D:2: 938 daAuts
     D:3: 698 daAuts
